cohdb
Replays
Latest Replays
All Replays
Popular Replays
Top Player Replays
Match Explorer
How It Works
Community
CoH3 Stats
Reddit
Sign in to upload your games and track your stats! →
Sign in with Steam
Match 42100325
Unlisted
Match 42100325
Overview
Messages
Build Orders
End
Royal Engineer Section
Construct Section Command Post
Selects Canadian Shock Battlegroup
Infantry Section
Infantry Section
Construct Platoon Command Post
Selects Attacking Spirit
Selects Canadian Shock Section
Canadian Shock Section
Humber Armored Car
Construct Field Infirmary
Selects Incendiary Munitions
Royal Engineer Section
Selects Pyrotechnics
Construct Company Command Post
Canadian Shock Section
qZeto
BIOHAZARD
Norwood 3 gaming
DragonForeskin
0
0
Comments
sign in to comment!
No comments posted yet!